 Dungeon Crawl Stone Soup version 0.27-a0-74-gebd156f8b4 (webtiles) character file.

Game seed: 5511902061777869497

11832 rruziro the Cleaver (level 11, -2/97 HPs)
             Began as a Minotaur Fighter on Jan 11, 2021.
             Was an Elder of Uskayaw.
             Slain by an orc warrior
             ... wielding a +0 short sword
             ... led by an orc high priest
              (16 damage)
             ... on level 1 of the Orcish Mines.
             The game lasted 00:15:38 (10097 turns).

rruziro the Cleaver (Minotaur Fighter)             Turns: 10097, Time: 00:15:39

Health: -2/97      AC: 13    Str: 23    XL:     11   Next: 54%
Magic:  8/8        EV: 13    Int:  5    God:    Uskayaw [****..]
Gold:   692        SH:  0    Dex: 11    Spells: 10/10 levels left

rFire    . . .     SeeInvis .   t - +3 battleaxe
rCold    . . .     Faith    .   (shield currently unavailable)
rNeg     + . .     Spirit   .   b - +1 scale mail
rPois    .         Reflect  .   (helmet unavailable)
rElec    .         Harm     .   (no cloak)
rCorr    .         Rampage  .   (no gloves)
Will     .....                  (no boots)
Stlth    +.........             (no amulet)
HPRegen  0.26/turn              f - +4 ring of protection
MPRegen  0.11/turn              d - ring of positive energy

@: slowed, very slow
A: retaliatory headbutt, horns 3, low mp 1, screaming 1, wild magic 1
a: Renounce Religion, Stomp, Line Pass


You were on level 1 of the Orcish Mines.
You worshipped Uskayaw.
Uskayaw was noncommittal.
You visited 3 branches of the dungeon, and saw 12 of its levels.

You collected 692 gold pieces.

Inventory:

Hand Weapons
 t - a +3 battleaxe (weapon)
Armour
 b - a +1 scale mail (worn)
Jewellery
 d - a ring of positive energy (right hand)
 f - a +4 ring of protection (left hand)
 k - an uncursed ring of willpower
Wands
 c - a wand of disintegration (22)
 n - a wand of digging (1)
 r - a wand of iceblast (17)
 w - a wand of acid (10)
 y - a wand of flame (17)
Scrolls
 e - 2 scrolls of magic mapping
 h - 4 scrolls of remove curse
 i - 6 scrolls of identify
 l - 4 scrolls of teleportation
 o - 2 scrolls of enchant weapon
 p - 3 scrolls of fear
 q - a scroll of brand weapon {unknown}
 u - 3 scrolls of enchant armour
Potions
 a - 2 potions of heal wounds
 g - a potion of curing
 j - 2 potions of might
 m - 4 potions of magic
 s - a potion of flight
 v - 3 potions of haste
Miscellaneous
 x - a condenser vane


   Skills:
 * Level 9.4 Fighting
 * Level 14.4 Axes
 * Level 8.5 Armour
 * Level 6.6 Dodging
 + Level 3.0 Stealth
 * Level 8.7 Shields


You had 10 spell levels left.
You didn't know any spells.
Your spell library contained the following spells:

 Spells                   Type           Power        Failure   Level
 Magic Dart               Conj           0%           82%         1
 Blink                    Tloc           N/A          91%         2
 Call Imp                 Summ           0%           91%         2
 Slow                     Hex            0%           91%         2
 Conjure Flame            Conj/Fire      0%           99%         3
 Mephitic Cloud           Conj/Pois/Air  0%           99%         3


Dungeon Overview and Level Annotations

Branches:
Dungeon (10/15)            Temple (1/1) D:6            Lair (0/6) D:9
    Orc (1/2) D:10

Altars:
Ashenzari
Cheibriados
Dithmenos
Elyvilon
Fedhas
Gozag
Hepliaklqana
Kikubaaqudgha
Makhleb
Nemelex Xobeh
Okawaru
Qazlal
Ru
Sif Muna
Trog
Uskayaw
Vehumet
Wu Jian
Xom
Yredelemnul
Zin
The Shining One

Shops:
D:6 ((!?

Annotations:
Orc:1 Sonja


Innate Abilities, Weirdness & Mutations

You reflexively headbutt those who attack you in melee.
You have a pair of large horns on your head.
Your magical capacity is low. (-10% MP)
You occasionally shout uncontrollably at your foes.
Your spells are a little harder to cast, but a little more powerful.


Message History

You feel very sick. The orc warrior closely misses you.
The orc warrior barely misses you.
The orc wizard gestures at itself while chanting.
The orc wizard flickers and vanishes!
Deactivating autopickup; reactivate with Ctrl-A.
The orc priest calls down the wrath of Beogh upon you.
Pain shoots through your body!
* * * LOW HITPOINT WARNING * * *
The orc warrior hits you with a +0 dire flail!
* * * LOW HITPOINT WARNING * * *
The orc priest begins to cast a cantrip, but forgets the words!
You see here 2 curare-tipped darts.
Unknown command.
Unknown command.
Unknown command.
Unknown command.
Unknown command.
You feel better. The orc warrior misses you.
The orc warrior hits you with a +0 short sword!
You die...

............
....#..#o.$
..oo.......
.o...oo...
#.o.......
#.........
##)o.....$.
#o@oo.>....
##oo.......
#.#.o.#....
#.K.........
#.#.#.$......
#...#.........
#.. .
.....##.. ##
#. .....# #.


You could see an orc sorcerer, Sonja, 7 orc warriors, 3 orc priests and 3 orcs.

Vanquished Creatures
  2 two-headed ogres (D:8)
  An orc high priest (Orc:1)
  Joseph (D:10)
  A centaur zombie (D:9)
  The ghost of Morbidden the Skirmisher, a novice DsFi of Cheibriados (D:6)
  Grinder (D:3)
  Prince Ribbit (D:7)
  A shadow (D:10)
  2 wyverns (D:9)
  A vampire (D:6)
  9 yaks
  A basilisk (D:9)
  Edmund (D:4)
  5 water moccasins (D:9)
  5 orc warriors
  Duvessa (D:4)
  An ice beast (D:8)
  2 black bears (D:8)
  A sky beast (D:8)
  3 phantoms
  5 necrophages
  11 ogres
  6 centaurs
  A big kobold (D:10)
  8 bullfrogs
  A gnoll sergeant (D:7)
  A scorpion (D:4)
  Dowan (D:4)
  13 wights
  A howler monkey (D:10)
  A quasit (D:8)
  3 bullfrog skeletons
  A bullfrog zombie (D:6)
  2 jellies
  14 orc priests
  3 hounds
  5 orc wizards
  5 iguanas
  7 worker ants
  A killer bee zombie (D:9)
  A hound zombie (D:7)
  2 mummies (D:7)
  A worker ant zombie (D:8)
  Robin (D:2)
  9 gnolls
  13 adders
  2 shadow imps (D:6)
  A white imp (D:8)
  4 ufetubi
  2 oozes
  An adder zombie (D:9)
  An adder skeleton (D:8)
  3 worms
  6 dart slugs
  6 leopard geckos
  61 orcs
  9 bats
  8 giant cockroaches
  17 goblins
  8 hobgoblins
  12 jackals
  13 kobolds
  10 quokkas
  9 frilled lizards
  5 rats
336 creatures vanquished.

Vanquished Creatures (others)
  An orc priest (Orc:1)
  A bush (D:9)
  5 fungi (D:9)
  15 plants (D:9)
  3 withered plants (D:7)
25 creatures vanquished.

Grand Total: 361 creatures vanquished

Notes
Turn   | Place    | Note
-------+----------+-------------------------------------------
     0 | D:1      | rruziro the Minotaur Fighter began the quest for the Orb.
     0 | D:1      | Reached XP level 1. HP: 19/19 MP: 0/0
   170 | D:1      | Reached XP level 2. HP: 25/27 MP: 1/1
   508 | D:1      | Reached XP level 3. HP: 30/33 MP: 2/2
   750 | D:2      | Reached skill level 3 in Axes
   854 | D:2      | Reached XP level 4. HP: 40/41 MP: 3/3
  1046 | D:2      | Noticed Robin
  1064 | D:2      | Killed Robin
  1438 | D:2      | Reached XP level 5. HP: 43/47 MP: 4/4
  1549 | D:2      | Found a glowing silver altar of Zin.
  1628 | D:2      | Found an opulent altar of Gozag.
  1814 | D:2      | Found an iron altar of Okawaru.
  1821 | D:2      | Found a snail-covered altar of Cheibriados.
  1826 | D:2      | Found a white marble altar of Elyvilon.
  1833 | D:2      | Found a hazy altar of Hepliaklqana.
  1838 | D:2      | Found a bloodstained altar of Trog.
  1845 | D:2      | Found a radiant altar of Vehumet.
  1850 | D:2      | Found an ancient bone altar of Kikubaaqudgha.
  1904 | D:3      | Noticed an ogre
  1911 | D:3      | Killed an ogre
  1912 | D:3      | Reached skill level 4 in Axes
  1912 | D:3      | Reached skill level 1 in Dodging
  2224 | D:3      | Reached skill level 5 in Armour
  2224 | D:3      | Reached XP level 6. HP: 34/53 MP: 5/5
  2460 | D:3      | Reached skill level 5 in Shields
  2595 | D:3      | Noticed Grinder
  2624 | D:3      | Killed Grinder
  2625 | D:3      | Reached skill level 5 in Axes
  2890 | D:3      | Found a blossoming altar of Fedhas.
  2895 | D:3      | Reached XP level 7. HP: 60/60 MP: 6/6
  3191 | D:4      | Reached skill level 6 in Axes
  3331 | D:4      | Gained mutation: Armour fits poorly on your strangely
                  | shaped body. [potion of mutation]
  3331 | D:4      | Gained mutation: You are surrounded by a mild repulsion
                  | field. (EV +2) [potion of mutation]
  3342 | D:4      | Lost mutation: You are surrounded by a mild repulsion
                  | field. (EV +2) [potion of mutation]
  3342 | D:4      | Lost mutation: Armour fits poorly on your strangely shaped
                  | body. [potion of mutation]
  3342 | D:4      | Gained mutation: You are frail. (-10% HP) [potion of
                  | mutation]
  3342 | D:4      | Gained mutation: You are partially covered in slimy green
                  | scales. (AC +2) [potion of mutation]
  3348 | D:4      | Lost mutation: You are frail. (-10% HP) [potion of
                  | mutation]
  3348 | D:4      | Lost mutation: You are partially covered in slimy green
                  | scales. (AC +2) [potion of mutation]
  3348 | D:4      | Gained mutation: Your spells are a little harder to cast,
                  | but a little more powerful. [potion of mutation]
  3348 | D:4      | Gained mutation: Your magical capacity is low. (-10% MP)
                  | [potion of mutation]
  3348 | D:4      | Gained mutation: You occasionally shout uncontrollably at
                  | your foes. [potion of mutation]
  3348 | D:4      | Gained mutation: You have a pair of large horns on your
                  | head. [potion of mutation]
  3517 | D:4      | Noticed Dowan
  3520 | D:4      | Noticed Edmund
  3523 | D:4      | Noticed Duvessa
  3524 | D:4      | Killed Dowan
  3535 | D:4      | Killed Edmund
  3536 | D:4      | Reached skill level 5 in Fighting
  3536 | D:4      | Killed Duvessa
  3897 | D:4      | Reached skill level 7 in Axes
  3975 | D:4      | Reached XP level 8. HP: 60/68 MP: 6/6
  4207 | D:5      | Entered Level 5 of the Dungeon
  4549 | D:5      | Found a bloodstained altar of Trog.
  4694 | D:6      | Found a shadowy altar of Dithmenos.
  4715 | D:6      | Found Ozunonase's Distillery.
  4726 | D:6      | Reached skill level 8 in Axes
  4815 | D:6      | Found a staircase to the Ecumenical Temple.
  4832 | Temple   | Entered the Ecumenical Temple
  5125 | Temple   | Became a worshipper of Uskayaw the Reveller
  5182 | D:6      | Reached * piety under Uskayaw
  5249 | D:6      | Found Douz's Weapon Shoppe.
  5255 | D:6      | Found Biyrr's Weapon Shop.
  5258 | D:6      | Reached ** piety under Uskayaw
  5261 | D:6      | Reached *** piety under Uskayaw
  5263 | D:6      | Reached skill level 9 in Axes
  5263 | D:6      | Reached **** piety under Uskayaw
  5361 | D:6      | Found Miqit's Magic Scroll Shop.
  5396 | D:6      | Found a glowing golden altar of the Shining One.
  5610 | D:6      | Reached XP level 9. HP: 75/75 MP: 7/7
  5620 | D:6      | Reached skill level 1 in Stealth
  5622 | D:6      | Reached ***** piety under Uskayaw
  5671 | D:6      | Found a runed translucent gate.
  5671 | D:6      | Found a runed translucent gate.
  5673 | D:6      | Found a runed translucent gate.
  5730 | D:6      | Noticed Morbidden's ghost (novice DsFi)
  5945 | D:6      | Reached skill level 10 in Axes
  5946 | D:6      | Killed Morbidden's ghost
  6393 | D:7      | Reached skill level 11 in Axes
  6492 | D:7      | Reached skill level 5 in Dodging
  6695 | D:7      | Noticed Prince Ribbit
  6707 | D:7      | Reached XP level 10. HP: 76/86 MP: 8/8
  6710 | D:7      | Killed Prince Ribbit
  7221 | D:8      | Reached skill level 12 in Axes
  7598 | D:8      | Noticed a two-headed ogre
  7606 | D:8      | Killed a two-headed ogre
  7856 | D:8      | Noticed a two-headed ogre
  7873 | D:8      | Killed a two-headed ogre
  7874 | D:8      | Reached skill level 13 in Axes
  8630 | D:9      | Found a sparkling altar of Nemelex Xobeh.
  8836 | D:9      | Reached XP level 11. HP: 95/95 MP: 8/8
  8918 | D:9      | Reached ****** piety under Uskayaw
  8929 | D:9      | Found a staircase to the Lair.
  9159 | D:9      | Reached skill level 14 in Axes
  9159 | D:9      | Found a stormy altar of Qazlal.
  9421 | D:10     | Entered Level 10 of the Dungeon
  9428 | D:10     | Noticed Joseph
  9437 | D:10     | Killed Joseph
  9591 | D:10     | Identified the +8 dagger of Doom {holy, rN+}
  9686 | D:10     | Found a staircase to the Orcish Mines.
 10087 | Orc:1    | Entered Level 1 of the Orcish Mines
 10088 | Orc:1    | Noticed Sonja
 10089 | Orc:1    | Noticed an orc high priest
 10094 | Orc:1    | Killed an orc high priest
 10095 | Orc:1    | Noticed an orc sorcerer
 10097 | Orc:1    | Slain by an orc warrior

Illustrated notes

Levels and vault maps discovered:
D:1:      dpeg_arrival_erosion, layout_loops_cross
D:2:      minmay_recursive_quarters, layout_basic,
          pdpol_temple_overflow_zin_treasury_gozag_greed,
          grunt_temple_overflow_octagram, uniq_robin
D:3:      layout_basic, fedhas_altar_fruit_tree, minmay_checkerbox, uniq_grinder
D:4:      layout_rooms, uniq_duvessa, uniq_edmund
D:5:      layout_rooms, trog_three_pillars_becter
D:6:      layout_loops_cross, tso_altar, minmay_temple_entry_arrows,
          basic_altar, serial_shops, shop, shop, nicolae_shop_behind_doors,
          nicolae_shop_temple_entry_statues_fountains, gammafunk_ghost_split
D:7:      layout_basic, serial_undead, serial_undead_f, serial_undead_b,
          serial_undead_a, serial_undead_b, serial_undead_e, uniq_prince_ribbit1
D:8:      layout_basic, nicolae_ossuary_entry_ruins, minmay_fractal_squares_5
D:9:      layout_loops_cross, nemelex_xobeh_ov_fountains_minmay,
          old_standard_altar, minmay_lair_entry_grove
D:10:     layout_loops_ring, hiddenorc2_lemuel, minmay_misc_feat_x, uniq_joseph,
          uniq_maggie, uniq_harold
Temple:   compressed_dpeg_triangle_lava_temple
Orc:1:    lemuel_ogre_cave, layout_caves, mines2_david, uniq_sonja

Skill      XL: |  1  2  3  4  5  6  7  8  9 10 11 |
---------------+----------------------------------+-----
Fighting       | 4 5 6 7 8 9 |  9.4
Armour         | 4 5 6 7 8 |  8.5
Shields        | 4 5 6 7 8 |  8.7
Axes           | 3 4 5 7 9 11 13 14 | 14.4
Dodging        | 1 3 4 5 6 |  6.6
Stealth        | 1 2 3 |  3.0

Action                   |  1- 3 |  4- 6 |  7- 9 | 10-12 || total
-------------------------+-------+-------+-------+-------++-------
Melee: War axe           |    47 |   138 |   127 |       ||   312
       Headbutt          |     6 |    15 |    41 |    41 ||   103
       Battleaxe         |       |       |   111 |   233 ||   344
Evoke: Condenser vane    |       |       |       |     1 ||     1
  Use: Scroll            |     1 |     4 |     6 |       ||    11
       Potion            |       |       |    10 |     1 ||    11
 Stab: Paralysed         |       |       |     9 |    21 ||    30
Armor: Scale mail        |    27 |    81 |   102 |   116 ||   326
Dodge: Dodged            |    18 |    60 |   147 |   169 ||   394
Block: Kite shield       |    35 |   119 |    93 |       ||   247

Table legend: (Time is in decaauts)
 A = Elapsed time spent in this place.
 B = Non-inter-level travel time spent in this place.
 C = Inter-level travel time spent in this place.
 D = Time resting spent in this place.
 E = Time spent auto-exploring this place.
 F = Levels seen in this place.
 G = Mean time per level.
                   A        B        C        D        E       F      G
               +--------+--------+--------+--------+--------+-----+--------+
         Total |  10208 |  10045 |    163 |      0 |   8209 |  12 |  850.7 |
       Dungeon |   9884 |   9738 |    146 |      0 |   7944 |  10 |  988.4 |
        Temple |    311 |    294 |     17 |      0 |    265 |   1 |  311.0 |
  Orcish Mines |     11 |     11 |      0 |      0 |      0 |   1 |   11.0 |
               +--------+--------+--------+--------+--------+-----+--------+

Top non-repeatable levels by time:
     D:2: 1234 daAuts
     D:3: 1208 daAuts
     D:7: 1167 daAuts
     D:4: 1148 daAuts
     D:8: 1146 daAuts
     D:9: 1083 daAuts
     D:6: 1032 daAuts
     D:1: 708 daAuts
    D:10: 664 daAuts
     D:5: 490 daAuts
  Temple: 311 daAuts
   Orc:1: 11 daAuts
